 Dungeon Crawl Stone Soup version 0.28-a0-750-g7c675f85b1 (webtiles) character file.

Game seed: 2153116564031548583

13179 lawman0 the Carver (level 11, -21/98 HPs)
             Began as a Deep Dwarf Fighter on Oct 29, 2021.
             Was a Believer of Elyvilon.
             Demolished by a death yak simulacrum (29 damage)
             ... in an ice cave.
             The game lasted 00:29:48 (10685 turns).

lawman0 the Carver (Deep Dwarf Fighter)            Turns: 10685, Time: 00:29:49

Health: -21/98     AC: 15    Str: 23    XL:     11   Next: 72%
Magic:  13/13      EV:  9    Int:  9    God:    Elyvilon [**....]
Gold:   358        SH:  5    Dex: 12    Spells: 10/10 levels left

rFire   . . .      SeeInvis .   a - +0 long sword
rCold   . . .      Faith    +   c - +0 buckler
rNeg    + . .      Spirit   .   E - +0 chain mail
rPois   .          Reflect  .   (no helmet)
rElec   .          Harm     .   (no cloak)
rCorr   .          Rampage  .   (no gloves)
Will    +....                   (no boots)
Stlth   ..........              i - amulet of faith
HPRegen 0.00/turn               p - ring of positive energy
MPRegen 0.13/turn               j - +4 ring of protection

@: no status effects
A: damage resistance, heal wounds, sense surroundings 2, no regeneration
a: Heal Wounds, Renounce Religion, Lesser Healing, Heal Other, Divine Protection


You were in an ice cave.
You worshipped Elyvilon.
Elyvilon was pleased with you.
You visited 3 branches of the dungeon, and saw 14 of its levels.
You also visited: Ossuary and Ice Cave.

You collected 597 gold pieces.
You spent 239 gold pieces at shops.

Inventory:

Hand Weapons
 a - a +0 long sword (weapon)
 b - a +0 hunting sling
Missiles
 e - 2 boomerangs of dispersal
 g - 416 stones
 v - 100 sling bullets
 y - 4 boomerangs (quivered)
 A - 29 poisoned darts
 D - 8 curare-tipped darts
 G - 5 javelins
Armour
 c - a +0 buckler (worn)
 E - a +0 chain mail (worn)
Jewellery
 i - an amulet of faith (around neck)
 j - a +4 ring of protection (right hand)
 p - a ring of positive energy (left hand)
Wands
 x - a wand of flame (9)
 C - a wand of iceblast (12)
 F - a wand of paralysis (3)
Scrolls
 d - 2 scrolls of enchant armour
 k - a scroll of silence
 q - 2 scrolls of fog
 s - a scroll of holy word
 u - a scroll of enchant weapon
 w - 4 scrolls of amnesia
 z - a scroll of immolation
Potions
 f - 4 potions of curing
 h - a potion of ambrosia
 l - 2 potions of lignification
 m - a potion of flight
 n - 2 potions of cancellation
 o - 3 potions of brilliance
 r - 2 potions of attraction
 t - 3 potions of haste {unknown}
Miscellaneous
 H - a tin of tremorstones (inert)


   Skills:
 + Level 6.3 Fighting
 * Level 11.0 Long Blades
 + Level 7.4 Slings
 + Level 8.6 Armour
 + Level 4.1 Dodging
 + Level 4.7 Stealth
 + Level 5.3 Shields
 * Level 10.0 Invocations
 + Level 2.5 Evocations


You had 10 spell levels left.
You didn't know any spells.
Your spell library contained the following spells:

 Spells                   Type           Power      Damage    Failure   Level
 Animate Skeleton         Necr           0%         N/A       94%         1
 Apportation              Tloc           0%         N/A       94%         1
 Summon Small Mammal      Summ           0%         N/A       94%         1
 Blink                    Tloc           0%         N/A       98%         2
 Dazzling Flash           Conj/Hex       0%         N/A       100%        3
 Frozen Ramparts          Ice            0%         1d2       100%        3
 Lesser Beckoning         Tloc           0%         N/A       100%        3
 Stone Arrow              Conj/Erth      0%         3d7       100%        3
 Summon Guardian Golem    Hex/Summ       0%         N/A       100%        3
 Animate Armour           Summ/Erth      0%         N/A       100%        4
 Animate Dead             Necr           0%         N/A       100%        4
 Ice Form                 Ice/Tmut       0%         N/A       100%        4
 Summon Ice Beast         Ice/Summ       0%         N/A       100%        4
 Agony                    Necr           0%         N/A       100%        5
 Borgnjor's Vile Clutch   Necr/Erth      0%         N/A       100%        5
 Manifold Assault         Tloc           0%         N/A       100%        5
 Silence                  Hex/Air        0%         N/A       100%        5
 Summon Mana Viper        Hex/Summ       0%         N/A       100%        5
 Death Channel            Necr           0%         N/A       100%        6
 Monstrous Menagerie      Summ           0%         N/A       100%        7
 Orb of Destruction       Conj           0%         N/A       100%        7
 Spellforged Servitor     Conj/Summ      0%         N/A       100%        7
 Lehudib's Crystal Spear  Conj/Erth      0%         10d2      100%        8


Dungeon Overview and Level Annotations

Branches:
Dungeon (11/15)            Temple (1/1) D:5            Lair (2/6) D:8
  Snake (0/4) Lair:2          Orc (0/2) D:10        Ossuary (visited)
  IceCv (1/1)
  Swamp: Lair:2-4    Shoals: Lair:2-4

Altars:
Ashenzari
Cheibriados
Dithmenos
Elyvilon
Fedhas
Gozag
Hepliaklqana
Makhleb
Nemelex Xobeh
Okawaru
Qazlal
Sif Muna
Trog
Uskayaw
Vehumet
Wu Jian
Yredelemnul
Zin

Shops:
D:2 *:   D:3 !   D:5 [   D:6 :   D:7 [   D:10 :

Annotations:
D:6 1 runed translucent door, Crazy Yiuf
D:11 1 runed translucent door


Innate Abilities, Weirdness & Mutations

You are resistant to damage.
You can heal yourself by infusing magical energy.
You passively map the area around you.
You do not regenerate.


Message History

The ice devil resists with almost no effort.
You hit the ice devil.
The ice devil is lightly wounded.
The ice devil barely misses you.
The white imp hits you but does no damage.
You closely miss the ice devil.
The ice devil is lightly wounded.
The ice devil hits you. The ice devil freezes you!!
The white imp gestures at you. You block the puff of frost.
A white imp comes into view.
You hit the ice devil but do no damage.
The ice devil is lightly wounded.
The ice devil hits you but does no damage.
The white imp barely misses you.
Unknown command.
You closely miss the ice devil.
The ice devil is lightly wounded.
You hit the ice devil.
The ice devil is lightly wounded.
The ice devil barely misses you. The white imp gestures at you.
The puff of frost hits you!
* * * LOW HITPOINT WARNING * * *
Unknown command.
You hit the ice devil.
The ice devil is moderately wounded.
The ice devil hits you!
* * * LOW HITPOINT WARNING * * *
The ice devil freezes you!
* * * LOW HITPOINT WARNING * * *
The white imp hits you but does no damage.
You hit the ice devil.
The ice devil is moderately wounded.
The ice devil hits you but does no damage.
The white imp hits you but does no damage.
The death yak simulacrum gores you!
* * * LOW HITPOINT WARNING * * *
The death yak simulacrum freezes you!!
You die...

, ,, * , * * * * , *
≈* . , #### ≈ , Z. ,
##..###### # .Z. ,
##....##..## ,.#.4Z.
#......Z5..###......
,
#.∩.∩..@4Z5Z#.....Z.
#.......##.Z..# , ,
##....#####..##
##..## #### , , ####
** *


You could see an ice devil, 2 white imps, a death yak simulacrum, a polar bear
simulacrum, a two-headed ogre simulacrum and a troll simulacrum.

Vanquished Creatures
  A two-headed ogre (D:9)
  3 cane toads (Lair:1)
  A rime drake (Lair:1)
  4 trolls
  Prince Ribbit (D:6)
  A shadow (D:11)
  6 yaks
  6 water moccasins
  2 orc warriors (D:9)
  An ice beast (D:6)
  A black bear (D:4)
  3 centaurs
  8 wolves
  3 elf zombies (Ossuary)
  6 bullfrogs
  2 scorpions
  A wyvern skeleton (D:7)
  2 water moccasin skeletons (D:5)
  7 wights
  4 howler monkeys
  8 centaur zombies
  2 jellies
  A centaur skeleton (D:5)
  A hound (D:6)
  3 human zombies (Ossuary)
  An orc priest (D:5)
  A gnoll shaman (D:7)
  Jessica (D:3)
  Natasha (thrice) (D:3)
  5 hell rats (Lair:1)
  2 iguanas (D:6)
  11 orc wizards
  4 mummies
  A howler monkey zombie (D:9)
  5 adders
  8 gnolls
  7 white imps
  2 ufetubi (IceCv)
  3 worms
  25 orcs
  A bat (D:1)
  8 endoplasms
  A giant cockroach (D:2)
  A goblin (D:4)
  2 hobgoblins
  4 jackals (D:4)
  5 quokkas
  6 ball pythons
  2 frilled lizards (D:1)
  3 kobolds
  A kobold zombie (D:4)
  An orc zombie (D:4)
  4 rats
196 creatures vanquished.

Vanquished Creatures (collateral kills)
  A yak (Lair:1)
  A wight (D:7)
2 creatures vanquished.

Vanquished Creatures (others)
  Nergalle (Lair:2)
  5 yaks
  A basilisk (Lair:2)
  An acid dragon (D:10)
  A wolf (Lair:1)
  3 killer bees (D:9)
  2 orc wizards (D:7)
  A hell rat (Lair:1)
  5 white imps (Lair:2)
  9 fungi (Lair:2)
  30 plants
59 creatures vanquished.

Grand Total: 257 creatures vanquished

Notes
Turn   | Place    | Note
-------+----------+-------------------------------------------
     0 | D:1      | lawman0 the Deep Dwarf Fighter began the quest for the Orb.
     0 | D:1      | Reached XP level 1. HP: 20/20 MP: 1/1
   151 | D:1      | Found a faded altar of an unknown god.
   304 | D:1      | Reached XP level 2. HP: 24/27 MP: 2/2
   628 | D:2      | Found Foapacaenni's Assorted Antiques.
   850 | D:2      | Found Jioffu Tini's Book Shop.
  1134 | D:2      | Bought a metallic green potion for 20 gold pieces
  1229 | D:3      | Noticed Natasha
  1236 | D:3      | Killed Natasha
  1237 | D:3      | Reached skill level 1 in Slings
  1237 | D:3      | Reached XP level 3. HP: 30/34 MP: 3/3
  1380 | D:3      | Noticed Jessica
  1386 | D:3      | Killed Jessica
  1387 | D:3      | Reached XP level 4. HP: 36/42 MP: 4/4
  1416 | D:3      | Noticed Natasha
  1427 | D:3      | Killed Natasha
  1428 | D:3      | Reached skill level 3 in Long Blades
  1456 | D:3      | Found an iron altar of Okawaru.
  1553 | D:3      | Found Bonuma's Distillery.
  1572 | D:3      | Bought a potion of degeneration for 12 gold pieces
  1575 | D:3      | Noticed Natasha
  1581 | D:3      | Killed Natasha
  1582 | D:3      | Reached XP level 5. HP: 34/49 MP: 5/5
  2001 | D:4      | Found a sand-covered staircase.
  2005 | D:4      | Reached skill level 4 in Long Blades
  2033 | Ossuary  | Entered an ossuary
  2098 | Ossuary  | Reached XP level 6. HP: 42/56 MP: 5/5
  2121 | Ossuary  | Reached skill level 1 in Dodging
  2134 | Ossuary  | Reached skill level 1 in Stealth
  2138 | Ossuary  | Reached skill level 5 in Long Blades
  2143 | Ossuary  | Reached XP level 7. HP: 25/62 MP: 5/5
  2235 | Ossuary  | Reached skill level 6 in Long Blades
  2773 | D:2      | Bought a sharpened silver wand for 92 gold pieces
  2864 | D:5      | Entered Level 5 of the Dungeon
  2937 | D:5      | Found a shadowy altar of Dithmenos.
  2939 | D:5      | Found a staircase to the Ecumenical Temple.
  2948 | Temple   | Entered the Ecumenical Temple
  2957 | Temple   | Became a worshipper of Elyvilon the Healer
  3234 | D:5      | Found Byal's Armour Shop.
  3262 | D:5      | Reached XP level 8. HP: 44/72 MP: 5/5
  3353 | D:5      | Reached skill level 1 in Invocations
  3386 | D:5      | Reached skill level 7 in Long Blades
  3671 | D:2      | Bought a scroll labelled CAG KOICSOU for 23 gold pieces
  3751 | D:6      | Found Kamif's Book Emporium.
  3765 | D:6      | Reached skill level 5 in Armour
  3797 | D:6      | Noticed Prince Ribbit
  3800 | D:6      | Reached skill level 1 in Evocations
  3812 | D:6      | Killed Prince Ribbit
  3845 | D:6      | Reached * piety under Elyvilon
  4032 | D:2      | Bought a scroll labelled ROAVITOTEU for 23 gold pieces
  4236 | D:6      | Found a snail-covered altar of Cheibriados.
  4247 | D:6      | Found a glowing silver altar of Zin.
  4425 | D:6      | Found a shimmering blue altar of Sif Muna.
  4425 | D:6      | Found a basalt altar of Yredelemnul.
  4517 | D:6      | Reached ** piety under Elyvilon
  4567 | D:6      | Found a runed translucent door.
  4568 | D:6      | Noticed Crazy Yiuf
  4946 | D:2      | Bought a scroll of identify for 46 gold pieces
  4946 | D:2      | Bought a scroll labelled RIMETW ANIXT for 23 gold pieces
  5312 | D:7      | Gained mutation: You passively map the area around you.
                  | [Deep Dwarf growth]
  5312 | D:7      | Reached XP level 9. HP: 35/78 MP: 8/8
  5578 | D:7      | Found Wunlev's Antique Armour Shoppe.
  5745 | D:7      | Reached skill level 8 in Long Blades
  5886 | D:7      | Reached skill level 5 in Slings
  6314 | D:8      | Reached skill level 5 in Invocations
  6746 | D:8      | Reached skill level 5 in Fighting
  6833 | D:8      | Found a staircase to the Lair.
  6834 | D:8      | Noticed a komodo dragon
  6835 | D:8      | Pacified a komodo dragon
  7148 | D:9      | Noticed a troll
  7167 | D:9      | Killed a troll
  7170 | D:9      | Noticed Psyche
  7173 | D:9      | Pacified Psyche
  7174 | D:9      | Reached XP level 10. HP: 52/88 MP: 2/11
  7366 | D:9      | Found a bloodstained altar of Trog.
  7784 | D:9      | Noticed a two-headed ogre
  8115 | D:9      | Killed a two-headed ogre
  8116 | D:9      | Reached skill level 9 in Long Blades
  8244 | D:10     | Entered Level 10 of the Dungeon
  8250 | D:10     | Found a broken altar of Ashenzari.
  8403 | D:10     | Identified the +0 robe of Memunei {Int+2}
  8783 | D:10     | Found a staircase to the Orcish Mines.
  8807 | D:10     | Found Tofoimol's Self-Improvement Boutique.
  8877 | D:10     | Reached skill level 5 in Shields
  9013 | D:11     | Noticed a white ugly thing
  9020 | D:11     | Noticed a brown ugly thing
  9042 | D:11     | Noticed a boulder beetle
  9046 | D:11     | Pacified a boulder beetle
  9047 | D:11     | Reached XP level 11. HP: 72/97 MP: 9/12
  9053 | D:11     | Paralysed by a hornet for 1 turns
  9057 | D:11     | Found a runed translucent gate.
  9168 | Lair:1   | Entered Level 1 of the Lair of Beasts
  9256 | Lair:1   | Noticed Urug
  9281 | Lair:1   | Pacified Urug
  9345 | Lair:1   | Reached skill level 10 in Long Blades
 10352 | Lair:2   | Noticed Nergalle
 10352 | Lair:2   | Noticed a five-headed hydra
 10543 | Lair:2   | Reached *** piety under Elyvilon
 10555 | Lair:2   | Reached skill level 11 in Long Blades
 10561 | Lair:2   | Reached skill level 10 in Invocations
 10581 | Lair:2   | Killed Nergalle
 10593 | Lair:2   | Found a frozen archway.
 10601 | Lair:2   | Identified the +10 scythe "Niasibawn" {venom, *Slow rN+
                  | Will+}
 10607 | IceCv    | Entered an ice cave
 10685 | IceCv    | Demolished by a death yak simulacrum

Illustrated notes

Levels and vault maps discovered:
D:1:      co_arrival_square_in_a_square_in_a_square, layout_loops_ring,
          ebering_ecumenical_altar_box, kennysheep_boxes
D:2:      layout_basic, serial_shops, shop, shop
D:3:      layout_loops_ring, lemuel_doored_altar, serial_shops, shop_statue,
          eino_tiny_chamber, uniq_jessica, uniq_natasha
D:4:      layout_rooms, nicolae_ossuary_entry_giza, feat_on_display
D:5:      layout_basic, mainiacjoe_overflow_brackets, minmay_temple_entry_grid,
          serial_shops, shop
D:6:      layout_loops_ring, mainiacjoe_overflow_tiny_flanked,
          old_standard_altar, gammafunk_temple_overflow_wave, serial_shops,
          nicolae_shop_temple_entry_statues_fountains, kennysheep_dice,
          uniq_crazy_yiuf_cottage, uniq_prince_ribbit1
D:7:      layout_rooms, serial_shops, shop, kennysheep_decorative_pillar,
          minmay_a_box_with_orc_wizards_in_it
D:8:      layout_rooms, david_lair_shrubbed, roderic_serpentine_path
D:9:      layout_long_grid, trog_book, uniq_psyche
D:10:     layout_cave_pools, mainiacjoe_overflow_paths, orc_0_dummy,
          nicolae_shop_self_help
D:11:     layout_rooms, gammafunk_ghost_icy, nzn_sisyphean_effort
Temple:   eino_temple_lava
Lair:1:   layout_cave_shapes, serial_bayou_shore_b, grunt_megastairs_2,
          uniq_urug
Lair:2:   layout_loops_ring, guppyfry_snake_entry_island,
          portal_ice_cave_entry_imps, evilmike_ambush
          [evilmike_ambush_outer_pillars, evilmike_ambush_inner_basic],
          uniq_nergalle
IceCv:    ice_cave_small_demon

Skill      XL: |  1  2  3  4  5  6  7  8  9 10 11 |
---------------+----------------------------------+-----
Fighting       | 3 4 5 6 |  6.3
Slings         | 1 2 3 4 6 7 |  7.4
Long Blades    | 3 4 5 6 7 8 9 11 | 11.0
Armour         | 4 5 6 8 |  8.6
Dodging        | 1 2 3 4 |  4.1
Shields        | 4 5 |  5.3
Stealth        | 1 3 4 |  4.7
Invocations    | 3 6 9 10 | 10.0
Evocations     | 1 2 |  2.5

Action                   |  1- 3 |  4- 6 |  7- 9 | 10-12 || total
-------------------------+-------+-------+-------+-------++-------
Melee: Long sword        |    41 |   151 |   351 |   367 ||   910
 Fire: Hunting sling     |    37 |    23 |   128 |    71 ||   259
Throw: Dart              |       |       |       |     4 ||     4
       Boomerang         |       |       |       |     2 ||     2
Invok: Lesser Healing    |       |       |    31 |    52 ||    83
       Heal Other        |       |       |    11 |    21 ||    32
       Divine Protection |       |       |       |     2 ||     2
 Abil: Heal Wounds       |       |     6 |    11 |     7 ||    24
Evoke: Wand              |       |       |    11 |    19 ||    30
       Tin of tremorston |       |       |       |     2 ||     2
  Use: Potion            |       |     4 |       |     6 ||    10
       Scroll            |       |     3 |    15 |     7 ||    25
 Stab: Invisible         |       |     8 |       |       ||     8
       Paralysed         |       |       |    13 |     9 ||    22
Armor: Scale mail        |    16 |   103 |   122 |     7 ||   248
       Chain mail        |       |       |       |   163 ||   163
       Skin              |       |       |       |    75 ||    75
Dodge: Dodged            |    27 |   126 |   154 |   164 ||   471
Block: Buckler           |    11 |    68 |    60 |    80 ||   219

Table legend: (Time is in decaauts)
 A = Elapsed time spent in this place.
 B = Non-inter-level travel time spent in this place.
 C = Inter-level travel time spent in this place.
 D = Time resting spent in this place.
 E = Time spent auto-exploring this place.
 F = Levels seen in this place.
 G = Mean time per level.
                   A        B        C        D        E       F      G
               +--------+--------+--------+--------+--------+-----+--------+
         Total |  10643 |   9387 |   1256 |    139 |   6274 |  16 |  665.2 |
       Dungeon |   8861 |   7664 |   1197 |     21 |   5603 |  11 |  805.5 |
        Temple |     17 |     17 |      0 |      0 |      0 |   1 |   17.0 |
          Lair |   1398 |   1339 |     59 |    118 |    556 |   2 |  699.0 |
       Ossuary |    291 |    291 |      0 |      0 |     76 |   1 |  291.0 |
      Ice Cave |     75 |     75 |      0 |      0 |     39 |   1 |   75.0 |
               +--------+--------+--------+--------+--------+-----+--------+

Top non-repeatable levels by time:
  Lair:1: 1194 daAuts
     D:9: 1174 daAuts
     D:6: 1152 daAuts
     D:8: 1031 daAuts
     D:7: 894 daAuts
     D:3: 833 daAuts
     D:4: 808 daAuts
     D:2: 770 daAuts
     D:5: 768 daAuts
    D:10: 665 daAuts
     D:1: 616 daAuts
 Ossuary: 291 daAuts
  Lair:2: 204 daAuts
    D:11: 146 daAuts
   IceCv: 75 daAuts
